 Dungeon Crawl Stone Soup version 0.20-a0-379-gc0b65bf (webtiles) character file.

1850668 Duffy the Hoplite (level 27, 249/249 HPs)
             Began as a Naga Wanderer on Dec 29, 2016.
             Was the Champion of Makhleb.
             Escaped with the Orb
             ... and 3 runes!
             The game lasted 02:08:45 (66951 turns).

Duffy the Hoplite (Naga Wanderer)                  Turns: 66951, Time: 02:08:45

Health: 249/249    AC: 63    Str: 35    XL:     27
Magic:  28/28      EV:  4    Int:  8    God:    Makhleb [******]
Gold:   6030       SH: 35    Dex: 10    Spells: 30/30 levels left

rFire  + . .     SeeInvis +     a - +8 mithril axe "Arga" {speed, MR+}
rCold  + . .     Gourm    +     A - +12 crystal plate armour
rNeg   + . .     Faith    .     r - +7 large shield "Uchits" {MR+ Slay+3}
rPois  +         Spirit   .     q - +1 hat "Zuet" {MR- Regen+ rCorr Str+9}
rElec  +         Reflect  .     w - +2 cloak {MR+}
rCorr  +         Harm     .     C - +3 pair of gauntlets of War {Slay+5}
MR     +++++                    t - +4 naga barding
Stlth  ..........               W - amulet "Yxoext" {Gourm rElec rN+ Int-5 Stlth+}
                                U - ring of Xom's Flight of Fancy {+Fly rC+}
                                m - ring of protection from fire

@: very slow
A: see invisible, clumsy 1, deformed body, deterioration 1, frail 1, low mp 1,
poison resistance, screaming 1, slowness 2, slow metabolism 1, spit poison 1,
MP-powered wands, constrict 1, AC +9
0: Orb of Zot
}: 3/15 runes: barnacled, silver, gossamer
a: Spit Poison, Minor Destruction, Lesser Servant of Makhleb, Major Destruction,
Greater Servant of Makhleb, Renounce Religion, Evoke Flight


You escaped.
You worshipped Makhleb.
Makhleb was exalted by your worship.
You were very full.

You visited 11 branches of the dungeon, and saw 53 of its levels.
You visited 1 bazaar.
You also visited: Labyrinth, Ice Cave and Wizlab.

You collected 10499 gold pieces.
You spent 4469 gold pieces at shops.

Inventory:

Hand Weapons
 a - the +8 mithril axe "Arga" (weapon) {speed, MR+}
   (You found it on level 6 of the Lair of Beasts)

   Attacks with this weapon are significantly faster.
   It affects your resistance to hostile enchantments.
Missiles
 F - 6 throwing nets (quivered)
Armour
 q - the +1 hat "Zuet" (worn) {MR- Regen+ rCorr Str+9}
   (You found it in an ice cave)

   It affects your strength (+9).
   It affects your resistance to hostile enchantments.
   It increases your rate of regeneration.
   It protects you from acid and corrosion.
 r - the +7 large shield "Uchits" (worn) {MR+ Slay+3}
   (You acquired it on level 5 of the Depths)

   It affects your accuracy and damage with ranged weapons and melee attacks
   (+3).
   It affects your resistance to hostile enchantments.
 t - a +4 naga barding (worn)
 w - a +2 cloak of magic resistance (worn)
 A - a +12 crystal plate armour (worn)
 C - the +3 pair of gauntlets of War (worn) {Slay+5}
   (You found it in a labyrinth)

   It affects your accuracy and damage with ranged weapons and melee attacks
   (+5).
Jewellery
 m - a ring of protection from fire (left hand)
 z - an uncursed ring of resist corrosion
 L - an uncursed amulet of regeneration
 U - the ring of Xom's Flight of Fancy (right hand) {+Fly rC+}
   (You found it on level 1 of the Vaults)

   [ring of flight]

   It protects you from cold.
   It lets you fly.
 W - the amulet "Yxoext" (around neck) {Gourm rElec rN+ Int-5 Stlth+}
   (You took it off a merfolk on level 4 of the Shoals)

   [amulet of the gourmand]

   It allows you to eat raw meat even when not hungry.
   It affects your intelligence (-5).
   It insulates you from electricity.
   It protects you from negative energy.
   It makes you more stealthy.
Wands
 c - a wand of digging (14/24)
 k - a wand of disintegration (24/24)
 G - a wand of iceblast (7/15)
Scrolls
 b - 22 scrolls of remove curse
 g - 22 scrolls of teleportation
 i - 10 scrolls of fear
 u - 7 scrolls of holy word
 y - 14 scrolls of recharging
 D - 10 scrolls of fog
 H - a scroll of silence
 K - 3 scrolls of immolation
 M - 14 scrolls of identify
 V - 3 scrolls of summoning
Potions
 e - 2 potions of cancellation
 h - 2 potions of might
 l - 10 potions of magic
 n - 16 potions of heal wounds
 o - 8 potions of flight
 s - 8 potions of haste
 v - 8 potions of invisibility
 B - 14 potions of curing
 E - 5 potions of cure mutation
 N - a potion of berserk rage
 S - 4 potions of agility
 T - 5 potions of ambrosia
 Z - 4 potions of resistance
Miscellaneous
 j - a fan of gales
Comestibles
 f - 25 bread rations
 p - 27 meat rations
 J - a royal jelly
 Q - 37 fruits
 R - a beef jerky


   Skills:
 - Level 21.8 Fighting
 - Level 20.6 Axes
 - Level 21.9 Armour
 + Level 25.7 Shields
 - Level 2.0 Spellcasting
   Level 1.0 Necromancy
 - Level 8.5 Invocations
 - Level 12.0 Evocations


You had 30 spell levels left.
You didn't know any spells.

Dungeon Overview and Level Annotations

Branches:
Dungeon (15/15)            Temple (1/1) D:6            Lair (6/6) D:8
 Shoals (4/4) Lair:4       Spider (4/4) Lair:4        Slime (0/5) Lair:6
    Orc (2/2) D:9             Elf (3/3) Orc:2        Vaults (5/5) D:13
  Crypt (3/3) Vaults:2       Tomb (0/3) Crypt:3      Depths (5/5) D:15
    Zot (5/5) Depths:5

Altars:
Ashenzari
Cheibriados
Dithmenos
Elyvilon
Fedhas
Gozag
Hepliaklqana
Kikubaaqudgha
Makhleb
Nemelex Xobeh
Okawaru
Qazlal
Ru
Sif Muna
Trog
Uskayaw
Vehumet
Xom
Yredelemnul
Zin
The Shining One
Beogh
Jiyva

Shops:
D:5 *   Orc:2 *((*   Elf:3 [   Vaults:2 :   Vaults:4 [   Vaults:5 :

Portals:
Hell: Depths:1 Depths:2 Depths:3 Depths:4 Depths:5
Abyss: Depths:2 Depths:4
Pandemonium: Depths:3 Depths:4
Ziggurat: Depths:4
Trove: D:15 (give 7 scrolls of blinking)

Annotations:
D:6 1 runed door
Lair:3 exclusion: oklob plant
Elf:2 1 exclusion
Zot:5 exclusions: obsidian statue and orange crystal statue


Innate Abilities, Weirdness & Mutations

You cannot wear boots.
Your serpentine skin is tough. (AC +9)
You have supernaturally acute eyesight. (SInv)
Armour fits poorly on your strangely shaped body.
Your system is resistant to poisons. (rPois)
You cover ground very slowly.
You have a slow metabolism.
You can spit poison.
You can use your snake-like lower body to constrict enemies.
You are clumsy. (Dex -2)
Your body sometimes deteriorates upon taking damage.
You are frail. (-10% HP)
Your magical capacity is low. (-10% MP)
You occasionally shout uncontrollably at your foes.
You expend magic power (3 MP) to strengthen your wands.


Message History

The red devil hits you from afar with a trident.
The red devil hops backward while attacking.
You block the red devil's attack.
The red devil hops backward while attacking.
You block the red devil's attack. x2
The red devil hops backward while attacking.
You block the red devil's attack.
The red devil hops backward while attacking.
You block the red devil's attack. You block the red devil's attack.
You slice the red devil!! Your grab misses the red devil.
The red devil is heavily wounded.
You slash the red devil! You grab the red devil.
The red devil is almost dead.
You constrict the red devil.
You kill the red devil!
Makhleb accepts your kill.
You see here a trident.
There is a staircase leading out of the dungeon here.
You have escaped!

....................#.#
...##...............#.#
....................#.#
#############.......#.#
...##########.......#)#
...'.........(......)>#
...##########.......#)#
...# #######.##.# ...#
#...#@#.##.# ...#
#.#.#.#.##.# ####
#.#.#.#.##)#
#.#.#.#.##.#
#.#.#.#.##.#
#.#.#.#.##.#
#.#.#.#..#.#
#.#.#.##.#.#########
########
#.#.#.##.#.........#


There were no monsters in sight!

Vanquished Creatures
  2 ancient liches (Zot:5)
  4 orbs of fire
  2 juggernauts
  A greater mummy (Crypt:2)
  4 pandemonium lords
  3 Killer Klowns (Zot:5)
  3 curse toes
  A large abomination (Depths:4)
  12 golden dragons
  3 profane servitors
  A Hellbinder (WizLab)
  2 bone dragons
  A Brimstone Fiend (Depths:2)
  Arachne (Spider:1)
  5 liches
  An electric golem (Zot:5)
  15 tentacled monstrosities
  27 Orb Guardians
  5 quicksilver dragons
  2 Ice Fiends
  3 deep elf blademasters
  3 deep elf master archers
  A shard shrike skeleton (Crypt:2)
  5 titans (Vaults:5)
  12 sphinxes
  2 ancient champions (Crypt:1)
  4 draconian monks
  4 death cobs
  8 tengu reavers
  8 shadow dragons
  Kirke (Spider:3)
  Gastronok (D:8)
  A storm dragon (shapeshifter) (Depths:2)
  17 storm dragons
  Ilsuiw (Shoals:3)
  5 iron dragons
  8 fire giants
  5 revenants
  5 draconian scorchers
  6 draconian knights
  6 ghost moths
  10 frost giants
  7 emperor scorpions
  4 draconian shifters
  8 deep elf sorcerers
  4 curse skulls
  Aizul (Crypt:1)
  An orc warlord (Vaults:2)
  16 vault wardens
  2 balrugs
  18 ghouls
  20 ironheart preservers
  3 deep elf elementalists
  5 draconian stormcallers
  2 spriggan defenders (Depths:3)
  6 draconian annihilators
  11 green draconians
  7 vampire knights
  5 entropy weavers
  4 war gargoyles
  13 deep elf demonologists
  15 stone giants
  24 very ugly things
  8 black draconians
  Nessos (D:12)
  A dire elephant (shapeshifter) (Depths:2)
  9 deep elf annihilators
  11 white draconians
  12 yellow draconians
  6 purple draconians
  5 spark wasps
  12 deep elf death magi
  2 lorocyprocas
  Azrael (D:12)
  12 merfolk impalers
  9 red draconians
  A blizzard demon (WizLab)
  3 green deaths (WizLab)
  A minotaur (Lab)
  12 ettins
  15 eidola
  8 jiangshi
  An ice dragon (shapeshifter) (Depths:2)
  A mummy priest (Crypt:3)
  Josephine (D:15)
  A minotaur (shapeshifter) (Depths:2)
  3 merfolk javelineers
  14 yaktaur captains
  A hell beast (WizLab)
  8 deep elf high priests
  A quicksilver dragon zombie (Crypt:3)
  4 rakshasas
  17 fire dragons
  10 great orbs of eyes
  4 spriggan air magi
  16 ice dragons
  40 vault guards
  21 hydras
  2 juggernaut simulacra (Depths:2)
  3 merfolk avatars
  3 catoblepae (Lair:6)
  17 centaur warriors
  56 two-headed ogres
  An alligator snapping turtle (Shoals:4)
  11 death knights
  4 merfolk aquamancers
  27 dancing weapons
  15 deep troll earth magi
  16 ogre magi
  A queen ant (Spider:1)
  An anaconda (shapeshifter) (Depths:2)
  11 deep troll shamans
  A satyr (Shoals:4)
  6 vampire magi
  A queen ant (shapeshifter) (Depths:2)
  7 death yaks (Lair:6)
  6 spriggan berserkers (Depths:3)
  8 tengu warriors
  A shock serpent (Depths:2)
  A titan zombie (Crypt:2)
  28 deep elf knights
  Urug (D:12)
  3 soul eaters
  6 sun demons
  Nergalle (D:12)
  A sixfirhy (Depths:2)
  A hellephant skeleton (Crypt:1)
  2 iron trolls (Depths:1)
  3 shadow wraiths
  23 skeletal warriors
  9 sea snakes
  A torturous demonspawn (Depths:4)
  2 fire crabs (shapeshifter)
  A shadow demon (Zot:4)
  6 flayed ghosts
  6 unseen horrors
  An anaconda zombie (Crypt:2)
  36 deep trolls
  A spriggan druid (Depths:3)
  6 glowing orange brains
  7 wizards
  10 deep elf archers
  A glowing orange brain (shapeshifter) (Depths:3)
  22 ironbrand convokers
  13 orc knights
  4 lindwurms (Depths:1)
  16 harpies
  15 orb spiders
  19 phantasmal warriors
  A necromancer (Vaults:5)
  An orb spider (shapeshifter) (Vaults:4)
  46 wolf spiders
  2 frost giant zombies (Crypt:3)
  2 iron dragon zombies (Crypt:3)
  92 deep elf magi
  31 ugly things
  14 cyclopes
  2 stone giant zombies
  A faun (shapeshifter) (Depths:2)
  An orc sorcerer (Orc:1)
  A salamander (shapeshifter) (Depths:4)
  A hell hog skeleton (Crypt:2)
  35 manticores
  7 fauns
  3 rust devils
  A salamander (Depths:5)
  2 dire elephant zombies
  A black mamba (shapeshifter) (Vaults:3)
  2 fire giant zombies
  12 elephants
  16 moths of wrath
  5 merfolk sirens
  6 water nymphs
  2 guardian serpents (shapeshifter)
  4 black mambas
  A frost giant skeleton (Crypt:2)
  An ice statue (IceCv)
  2 naga magi (Depths:2)
  A yellow draconian zombie (Crypt:1)
  12 spiny frogs
  An eye of devastation (Lair:6)
  4 smoke demons
  3 orange demons
  A gargoyle (D:14)
  17 vault sentinels
  Psyche (D:8)
  A hellion (WizLab)
  3 kobold demonologists
  An emperor scorpion zombie (Crypt:3)
  18 demonic crawlers
  4 efreet
  4 komodo dragons
  10 rime drakes
  28 freezing wraiths
  3 anaconda simulacra (IceCv)
  66 yaktaurs
  2 redback zombies
  10 ice devils
  A minotaur zombie (Crypt:1)
  A golden dragon simulacrum (IceCv)
  3 guardian mummies (Crypt:2)
  4 tengu conjurers
  11 trolls
  A meliai (Spider:3)
  3 hellwings
  36 merfolk
  2 queen bees (shapeshifter) (Vaults:2)
  3 red devils
  5 hydra zombies
  A polar bear (Vaults:1)
  A jumping spider (shapeshifter) (Vaults:3)
  38 jumping spiders
  A polar bear (shapeshifter) (Vaults:2)
  11 wind drakes
  8 hornets
  A minotaur skeleton (Crypt:2)
  2 fire dragon zombies (Crypt:2)
  2 raiju (shapeshifter)
  21 slime creatures
  A snapping turtle (shapeshifter) (Depths:3)
  14 blink frogs
  15 snapping turtles
  A dream sheep (shapeshifter) (Vaults:3)
  A stone giant simulacrum (Vaults:1)
  15 dream sheep
  A bog body (Crypt:1)
  2 ettin zombies (Crypt:3)
  23 hippogriffs
  26 tarantellas
  8 air elementals
  2 meliai zombies (D:13)
  17 spriggans (Depths:3)
  An ettin skeleton (Vaults:5)
  2 dire elephant simulacra (IceCv)
  17 wraiths
  3 yaks (shapeshifter)
  96 redbacks
  12 water elementals
  A vampire (D:11)
  The ghost of Duffy the Chopper, an amateur NaCK of Xom (D:3)
  15 wyverns
  4 shadows
  39 yaks
  4 hogs (Spider:3)
  10 basilisks
  6 fire elementals
  An ushabti (Crypt:3)
  A yaktaur simulacrum (Vaults:3)
  A chaos spawn (Depths:1)
  3 hungry ghosts
  A steam dragon (D:8)
  A neqoxec (Zot:5)
  5 harpy simulacra
  A human zombie (Vaults:5)
  2 iron troll simulacra (IceCv)
  A soldier ant (shapeshifter) (Vaults:3)
  A swamp worm (shapeshifter) (Vaults:5)
  2 wargs (Orc:2)
  23 soldier ants (Spider:1)
  3 acid dragons
  A spiny frog zombie (Crypt:3)
  17 water moccasins
  12 porcupines
  4 swamp drakes (Depths:1)
  2 hydra simulacra
  9 hell hounds
  A two-headed ogre skeleton (Crypt:2)
  An ice beast (shapeshifter) (Depths:4)
  30 orc warriors
  A sky beast (D:13)
  7 ice beasts
  A black bear (D:15)
  2 ettin simulacra (IceCv)
  4 phantoms
  2 swamp dragon zombies
  An elf simulacrum (Vaults:5)
  6 wolves
  59 ogres
  28 centaurs
  16 necrophages
  22 boggarts
  A wolf (shapeshifter) (Vaults:3)
  17 crocodiles
  4 big kobolds
  Blork the orc (D:4)
  A gnoll sergeant (D:10)
  4 earth elementals (Elf:1)
  A bullfrog (shapeshifter) (Depths:4)
  18 bullfrogs
  An elf skeleton (Crypt:1)
  A glowing shapeshifter simulacrum (Vaults:1)
  8 wyvern skeletons (Crypt:3)
  A scorpion (D:8)
  A raiju skeleton (Crypt:2)
  3 spriggan skeletons
  16 wights
  6 electric eels
  9 crimson imps
  5 centaur zombies
  4 draconian simulacra (IceCv)
  2 bullfrog zombies
  2 quasits
  9 centaur skeletons
  7 jellies
  Crazy Yiuf (D:4)
  28 orc priests
  3 bullfrog skeletons
  11 hounds
  A small abomination (Zot:5)
  A basilisk skeleton (Crypt:1)
  5 iguanas
  23 orc wizards
  4 troll simulacra (IceCv)
  31 worker ants
  2 polar bear simulacra (IceCv)
  2 spriggan simulacra (IceCv)
  A wolf simulacrum (IceCv)
  A killer bee zombie (D:9)
  A tengu zombie (Crypt:3)
  2 centaur simulacra (IceCv)
  3 ogre skeletons
  A human simulacrum (D:12)
  3 hound skeletons
  9 mummies
  Robin (D:1)
  9 gnolls
  5 ogre simulacra (IceCv)
  22 adders
  A naga simulacrum (IceCv)
  6 shadow imps
  6 white imps (IceCv)
  5 ufetubi (IceCv)
  An ooze (D:3)
  4 adder skeletons
  A worm (D:2)
  A dart slug (D:1)
  4 leopard geckos
  96 orcs
  2 ball pythons
  2 giant cockroaches
  14 goblins
  8 hobgoblins
  22 jackals
  8 quokkas
  13 bats
  3 frilled lizards
  2 goblin zombies
  33 kobolds
  2 leopard gecko skeletons
  A quokka skeleton (D:4)
  A quokka zombie (D:7)
  8 rats
  A crawling corpse (Depths:4)
  4 fungi
  10 plants
  7 withered plants (Crypt:3)
2911 creatures vanquished.

Vanquished Creatures (collateral kills)
  The ghost of crawlian the Devastator, an adept DEFE of Vehumet (Shoals:4)
  A merfolk javelineer (Shoals:4)
  4 orb spiders
  2 wolf spiders
  2 fauns (Shoals:2)
  A merfolk siren (Shoals:2)
  2 elephants (Lair:6)
  A spiny frog (Lair:1)
  A jumping spider (Spider:1)
  4 blink frogs
  A hippogriff (D:14)
  A snapping turtle (Shoals:4)
  A redback (Spider:4)
22 creatures vanquished.

Vanquished Creatures (others)
  A ghost moth (Depths:2)
  2 deep elf magi
  A faun (Shoals:2)
  A kobold demonologist (WizLab)
  A tarantella (Spider:3)
  2 redbacks
  An acid dragon (Zot:3)
  A hell hound (Elf:2)
  An orc warrior (Vaults:2)
  A human simulacrum (D:12)
  A white imp (IceCv)
  A kobold (D:14)
  11 fungi
  16 plants
  6 withered plants (Crypt:3)
47 creatures vanquished.

Grand Total: 2980 creatures vanquished

Notes
Turn   | Place    | Note
-------+----------+-------------------------------------------
     0 | D:1      | Duffy the Naga Wanderer began the quest for the Orb.
     0 | D:1      | Duffy set off with: a wand of flame (15/48), a +0 spear, the Catalogue of Contamination, a +0 robe, a bread ration
     0 | D:1      | Reached XP level 1. HP: 25/25 MP: 3/3
     0 | D:1      | Identified the Catalogue of Contamination
   314 | D:1      | Reached XP level 2. HP: 32/32 MP: 5/5
  1024 | D:1      | Reached XP level 3. HP: 32/39 MP: 6/6
  1398 | D:2      | Noticed Robin
  1509 | D:1      | Killed Robin
  1805 | D:2      | Reached XP level 4. HP: 39/48 MP: 7/7
  2054 | D:2      | Found a stormy altar of Qazlal.
  3178 | D:3      | Reached XP level 5. HP: 55/55 MP: 8/8
  3247 | D:3      | Noticed Duffy's ghost (amateur NaCK)
  3356 | D:3      | Killed Duffy's ghost
  3356 | D:3      | Reached XP level 6. HP: 62/62 MP: 9/9
  3578 | D:3      | Found a faded altar of an unknown god.
  3685 | D:3      | Found a sacrificial altar of Ru.
  4374 | D:4      | Reached skill level 5 in Evocations
  4424 | D:4      | Noticed a phantom
  4571 | D:4      | Reached XP level 7. HP: 38/69 MP: 10/10
  5751 | D:4      | Noticed Blork the orc
  5764 | D:4      | Killed Blork the orc
  5931 | D:4      | Found a runed door.
  5936 | D:4      | Noticed Crazy Yiuf
  5944 | D:4      | Killed Crazy Yiuf
  6024 | D:5      | Entered Level 5 of the Dungeon
  6399 | D:5      | Reached skill level 5 in Axes
  6430 | D:5      | Reached skill level 1 in Armour
  6456 | D:5      | Reached XP level 8. HP: 70/70 MP: 12/12
  6555 | D:5      | Found a bloodstained altar of Trog.
  6682 | D:5      | Found Zityfill's General Store.
  6693 | D:5      | Bought a scroll of blinking for 105 gold pieces
  6861 | D:5      | Noticed a troll
  6870 | D:5      | Killed a troll
  7183 | D:6      | Reached XP level 9. HP: 74/76 MP: 13/13
  7363 | D:6      | Found a runed door.
  7364 | D:6      | Found a glowing golden altar of the Shining One.
  7365 | D:6      | Noticed an angel
  7393 | D:6      | Identified a +2 rod of ignition (12/12) (You found it on level 6 of the Dungeon)
  7483 | D:6      | Found a staircase to the Ecumenical Temple.
  7517 | Temple   | Entered the Ecumenical Temple
  7740 | Temple   | Became a worshipper of Makhleb the Destroyer
  7985 | D:6      | Reached skill level 5 in Armour
  8681 | D:7      | Noticed a cyclops
  8704 | D:7      | Killed a cyclops
  9043 | D:7      | Reached * piety under Makhleb
  9050 | D:7      | Reached XP level 10. HP: 59/91 MP: 14/14
  9842 | D:8      | Noticed Psyche
  9979 | D:8      | Killed Psyche
 10109 | D:8      | Noticed Gastronok
 10123 | D:8      | Killed Gastronok
 10123 | D:8      | Reached skill level 10 in Axes
 10471 | D:8      | Reached ** piety under Makhleb
 10490 | D:8      | Found a staircase to the Lair.
 10695 | D:9      | Reached skill level 1 in Invocations
 10959 | D:9      | Found a staircase to the Orcish Mines.
 11387 | D:9      | Noticed a great orb of eyes
 11532 | D:9      | Reached XP level 11. HP: 92/97 MP: 15/15
 12020 | D:9      | Killed a great orb of eyes
 12288 | D:10     | Entered Level 10 of the Dungeon
 12617 | D:10     | Noticed an unseen horror
 12644 | D:10     | Killed an unseen horror
 13095 | D:10     | Reached skill level 1 in Shields
 13228 | D:10     | Reached *** piety under Makhleb
 13243 | D:10     | Reached skill level 2 in Shields
 13928 | Lair:1   | Entered Level 1 of the Lair of Beasts
 14320 | Lair:1   | Noticed an eight-headed hydra
 14330 | Lair:1   | Killed an eight-headed hydra
 14944 | Lair:1   | Noticed a wolf spider
 14968 | Lair:1   | Noticed a wolf spider
 14976 | Lair:1   | Killed a wolf spider
 14989 | Lair:1   | Reached XP level 12. HP: 97/105 MP: 16/16
 15750 | Lair:2   | Reached skill level 3 in Shields
 15879 | Lair:2   | Found a labyrinth entrance.
 15890 | Lab      | Entered a labyrinth
 16235 | Lab      | Noticed a minotaur
 16246 | Lab      | Killed a minotaur
 16246 | Lab      | Reached skill level 4 in Shields
 16276 | Lab      | Identified the Tome of Enchantment and Self-Knowledge
 16296 | Lair:2   | Identified a +0 rod of shadows (9/9) (You found it in a labyrinth)
 16812 | Lair:2   | Reached skill level 5 in Shields
 17371 | Lair:2   | Reached **** piety under Makhleb
 17726 | Lair:3   | Identified a +0 rod of inaccuracy (10/10) (You found it on level 3 of the Lair of Beasts)
 17827 | Lair:3   | Reached skill level 6 in Shields
 17951 | Lair:3   | Found an iron altar of Okawaru.
 18192 | Lair:3   | You fall through a shaft!
 18236 | Lair:4   | Noticed a four-headed hydra
 18239 | Lair:4   | Killed a four-headed hydra
 18239 | Lair:4   | Gained mutation: You can use your snake-like lower body to constrict enemies. [Naga growth]
 18239 | Lair:4   | Reached XP level 13. HP: 111/111 MP: 17/17
 18548 | Lair:4   | Reached skill level 7 in Shields
 19526 | Lair:4   | Found a hole to the Spider Nest.
 19713 | Lair:4   | Found a staircase to the Shoals.
 20154 | Lair:5   | You fall through a shaft!
 20154 | Lair:6   | Entered Level 6 of the Lair of Beasts
 20192 | Lair:6   | Reached ***** piety under Makhleb
 20218 | Lair:6   | Reached skill level 8 in Shields
 20342 | Lair:6   | Found a viscous altar of Jiyva.
 20345 | Lair:6   | Found a staircase to the Slime Pits.
 20368 | Lair:6   | Reached skill level 15 in Axes
 21017 | Lair:6   | Reached skill level 9 in Shields
 21022 | Lair:6   | Reached XP level 14. HP: 97/120 MP: 18/18
 22067 | Lair:6   | Reached skill level 10 in Armour
 22639 | Orc:1    | Entered Level 1 of the Orcish Mines
 22668 | Orc:1    | Found a roughly hewn altar of Beogh.
 22730 | Orc:2    | Entered Level 2 of the Orcish Mines
 22741 | Orc:2    | Found a roughly hewn altar of Beogh.
 23000 | Orc:2    | Reached XP level 15. HP: 132/132 MP: 19/19
 23091 | Orc:2    | Found Ruwepecite's Assorted Antiques.
 23091 | Orc:2    | Found Urchef's Weapon Emporium.
 23091 | Orc:2    | Found Oguiczom's Weapon Emporium.
 23091 | Orc:2    | Found Rufiekk's Assorted Antiques.
 23101 | Orc:2    | Bought a fuming sapphire potion for 28 gold pieces
 23149 | Orc:2    | Reached ****** piety under Makhleb
 23284 | Orc:1    | Found a bloodstained altar of Trog.
 23422 | Orc:2    | Found a staircase to the Elven Halls.
 24643 | D:12     | Noticed Azrael
 24659 | D:12     | Killed Azrael
 24674 | D:12     | Noticed Nessos
 24717 | D:12     | Killed Nessos
 24916 | D:12     | Noticed Nergalle
 24924 | D:12     | Killed Nergalle
 24977 | D:12     | Noticed Urug
 25092 | D:12     | Reached skill level 10 in Fighting
 25275 | D:12     | Killed Urug
 25503 | D:13     | Noticed a ghoul
 25515 | D:13     | Killed a ghoul
 26042 | D:13     | Found a gate to the Vaults.
 26314 | D:14     | Reached XP level 16. HP: 150/150 MP: 20/20
 27390 | D:14     | Reached skill level 5 in Invocations
 27681 | D:15     | Entered Level 15 of the Dungeon
 27703 | D:15     | Noticed Josephine
 27717 | D:15     | Killed Josephine
 27876 | D:15     | Found a portal to a secret trove of treasure.
 28070 | D:15     | Found a staircase to the Depths.
 29054 | Spider:1 | Entered Level 1 of the Spider Nest
 29619 | Spider:1 | Reached XP level 17. HP: 159/159 MP: 23/23
 29891 | Spider:1 | Found a roughly hewn altar of Beogh.
 30095 | Spider:2 | Noticed Arachne
 30127 | Spider:1 | Killed Arachne
 30856 | Spider:3 | Noticed Kirke
 30871 | Spider:3 | Killed Kirke
 30871 | Spider:3 | Reached skill level 10 in Evocations
 31976 | Elf:1    | Entered Level 1 of the Elven Halls
 32258 | Elf:1    | Found a frozen archway.
 32267 | IceCv    | Entered an ice cave
 32889 | IceCv    | Reached XP level 18. HP: 158/172 MP: 26/26
 33115 | IceCv    | Noticed an Ice Fiend
 33134 | IceCv    | Killed an Ice Fiend
 33277 | IceCv    | Got a warped hat
 33288 | IceCv    | Identified the +1 hat "Zuet" {MR- Regen+ rCorr Str+9} (You found it in an ice cave)
 33295 | IceCv    | Got agate-studded fire dragon scales
 33306 | IceCv    | Identified the cursed +0 fire dragon scales of the Battered Songs {rF++ rC- Int+4 Dex+4} (You found it in an ice cave)
 33776 | Elf:1    | Gained mutation: Your movements are slightly less encumbered by armour. (ER -2) [potion of beneficial mutation]
 34454 | Elf:2    | Found a runed gate.
 34456 | Elf:2    | Found a runed gate.
 34457 | Elf:2    | Found a runed gate.
 35054 | Elf:2    | Reached skill level 15 in Fighting
 35128 | Elf:3    | Entered Level 3 of the Elven Halls
 35144 | Elf:3    | Found Yqofefie's Antique Armour Boutique.
 35158 | Elf:3    | Bought a crude plate armour for 756 gold pieces
 35187 | Elf:3    | Identified the +1 plate armour of a ziggurat {-Cast Str+2 Int+4 Dex+4} (You bought it in a shop on level 3 of the Elven Halls)
 35278 | Elf:3    | Reached XP level 19. HP: 186/186 MP: 28/28
 35754 | Elf:3    | Identified a scroll of acquirement
 35985 | Elf:3    | Got a bloodstained buckler
 36082 | Elf:3    | Identified the +3 buckler "Feskacei" {*Drain +Fly rF++} (You took it off a deep elf demonologist on level 3 of the Elven Halls)
 36129 | Elf:3    | Noticed a Brimstone Fiend
 36737 | Elf:3    | Reached skill level 15 in Armour
 36739 | Elf:3    | Reached XP level 20. HP: 193/200 MP: 29/29
 37935 | Spider:4 | Entered Level 4 of the Spider Nest
 39469 | Spider:4 | Got a gossamer rune of Zot
 39840 | Vaults:1 | Entered Level 1 of the Vaults
 39855 | Vaults:1 | Reached XP level 21. HP: 213/213 MP: 30/30
 40498 | Vaults:1 | Got a brightly glowing wooden ring
 41040 | Vaults:1 | Identified the ring of Xom's Flight of Fancy {+Fly rC+} (You found it on level 1 of the Vaults)
 41216 | Vaults:2 | Found Yrierph's Book Boutique.
 41792 | Vaults:2 | Found a staircase to the Crypt.
 41954 | Vaults:2 | Reached XP level 22. HP: 226/226 MP: 31/31
 44369 | Vaults:4 | Reached XP level 23. HP: 226/240 MP: 32/32
 44526 | Vaults:4 | Found Daobagh's Antique Armour Shoppe.
 44927 | Vaults:4 | Bought a glowing shield for 462 gold pieces
 45305 | Shoals:1 | Entered Level 1 of the Shoals
 47298 | Shoals:4 | Entered Level 4 of the Shoals
 47298 | Shoals:4 | Noticed Ilsuiw
 47401 | Shoals:3 | Killed Ilsuiw
 47460 | Shoals:4 | Identified the Volume of the Mountains
 47923 | Shoals:4 | Noticed crawlian's ghost (adept DEFE)
 47937 | Shoals:4 | Killed crawlian's ghost
 48044 | Shoals:4 | Got a faintly glowing ivory amulet
 48127 | Shoals:4 | Got a barnacled rune of Zot
 48269 | Shoals:4 | Reached skill level 10 in Shields
 48456 | Shoals:4 | Identified the amulet "Yxoext" {Gourm rElec rN+ Int-5 Stlth+} (You took it off a merfolk on level 4 of the Shoals)
 48717 | Orc:2    | Bought a potion of might for 132 gold pieces
 48717 | Orc:2    | Bought a scroll of teleportation for 99 gold pieces
 48717 | Orc:2    | Bought a potion of haste for 330 gold pieces
 48717 | Orc:2    | Bought a potion of heal wounds for 165 gold pieces
 48718 | Orc:2    | Bought a potion of haste for 320 gold pieces
 48718 | Orc:2    | Bought a scroll of recharging for 304 gold pieces
 48919 | Depths:1 | Entered Level 1 of the Depths
 48966 | Depths:1 | Reached XP level 24. HP: 252/252 MP: 32/32
 49294 | Depths:1 | Found a gateway to Hell.
 49322 | Depths:1 | Found a magical portal.
 49354 | WizLab   | Entered The Hall of the Hellbinder
 49372 | WizLab   | Reached skill level 11 in Shields
 49705 | WizLab   | Found a burning altar of Makhleb.
 49737 | WizLab   | Identified Jechaasa's Papyrus of Companions
 49738 | WizLab   | Identified the Incunabulum of Companions
 50465 | Depths:1 | Gained mutation: Your muscles are strong. (Str +2) [potion of beneficial mutation]
 50907 | Depths:2 | Reached skill level 12 in Shields
 51340 | Depths:2 | Found a one-way gate to the infinite horrors of the Abyss.
 51701 | Depths:3 | Reached XP level 25. HP: 257/257 MP: 32/32
 51818 | Depths:3 | Paralysed by a floating eye for 4 turns
 51869 | Depths:3 | Found a one-way gate leading to the halls of Pandemonium.
 51892 | Depths:3 | Identified the +8 broad axe of a bazaar {antimagic, *Rage +Rage +Fly rC+++} (You found it on level 3 of the Depths)
 51907 | Depths:3 | Got a slimy pewter ring
 51926 | Depths:3 | Identified the ring "Ughayhom" {AC+3 Dex+2} (You took it off a vampire knight on level 3 of the Depths)
 51932 | Depths:3 | Reached skill level 13 in Shields
 52761 | Depths:4 | Found a flickering gateway to a bazaar.
 52776 | Bazaar   | Entered a bazaar
 52776 | Bazaar   | Found Vutode Largh's Distillery.
 52780 | Bazaar   | Found Zuuvyigg's Magic Scroll Boutique.
 52801 | Bazaar   | Found Ycew's Gadget Boutique.
 52819 | Bazaar   | Found Aluown's Weapon Emporium.
 52861 | Bazaar   | Bought 2 potions of experience for 1100 gold pieces
 52861 | Bazaar   | Bought a potion of resistance for 110 gold pieces
 52861 | Bazaar   | Bought a potion of agility for 44 gold pieces
 52861 | Bazaar   | Bought a potion of heal wounds for 55 gold pieces
 52861 | Bazaar   | Bought a potion of might for 44 gold pieces
 52861 | Bazaar   | Bought a potion of heal wounds for 55 gold pieces
 52861 | Bazaar   | Bought 2 potions of invisibility for 176 gold pieces
 52861 | Bazaar   | Bought a potion of cancellation for 88 gold pieces
 52868 | Bazaar   | Bought 3 scrolls of fog for 96 gold pieces
 52895 | Bazaar   | Reached skill level 14 in Shields
 52895 | Bazaar   | Reached XP level 26. HP: 266/266 MP: 32/32
 52896 | Bazaar   | Reached XP level 27. HP: 275/275 MP: 32/32
 53084 | Depths:4 | Noticed a juggernaut
 53113 | Depths:4 | Killed a juggernaut
 53283 | Depths:4 | Found a gateway to a ziggurat.
 53523 | Depths:4 | Reached skill level 15 in Shields
 53916 | Depths:5 | Entered Level 5 of the Depths
 53962 | Depths:5 | Noticed a juggernaut
 53977 | Depths:5 | Killed a juggernaut
 54262 | Depths:5 | Got a polished large shield
 54273 | Depths:5 | Identified the +7 large shield "Uchits" {MR+ Slay+3} (You acquired it on level 5 of the Depths)
 54280 | Depths:5 | Found a gate to the Realm of Zot.
 54639 | Depths:5 | Reached skill level 16 in Shields
 55463 | Crypt:1  | Entered Level 1 of the Crypt
 55468 | Crypt:1  | Noticed Aizul
 55488 | Crypt:1  | Killed Aizul
 56446 | Crypt:2  | Reached skill level 17 in Shields
 57211 | Crypt:2  | Noticed a greater mummy
 57222 | Crypt:2  | Killed a greater mummy
 57407 | Crypt:3  | Entered Level 3 of the Crypt
 57598 | Crypt:3  | Reached skill level 18 in Shields
 57826 | Crypt:3  | Found a staircase to the Tomb.
 58032 | Crypt:3  | Found a basalt altar of Yredelemnul.
 59592 | Vaults:5 | Entered Level 5 of the Vaults
 59667 | Vaults:4 | Reached skill level 19 in Shields
 60221 | Vaults:5 | Got a silver rune of Zot
 60438 | Vaults:5 | Found Nufreo's Book Shoppe.
 60697 | Vaults:5 | Reached skill level 20 in Shields
 61486 | Zot:1    | Entered Level 1 of the Realm of Zot
 62107 | Zot:1    | Reached skill level 21 in Shields
 62744 | Zot:2    | Found a shimmering altar of Xom.
 63256 | Zot:2    | Found an iron altar of Okawaru.
 63718 | Zot:3    | Reached skill level 22 in Shields
 64056 | Zot:3    | Noticed an orb of fire
 64066 | Zot:3    | Gained mutation: You are occasionally teleported next to monsters. [an orb of fire]
 64070 | Zot:3    | Killed an orb of fire
 64582 | Zot:4    | Reached skill level 23 in Shields
 65678 | Zot:5    | Entered Level 5 of the Realm of Zot
 65680 | Zot:5    | Lost mutation: Your movements are slightly less encumbered by armour. (ER -2) [potion of cure mutation]
 65680 | Zot:5    | Lost mutation: Your muscles are strong. (Str +2) [potion of cure mutation]
 65680 | Zot:5    | Lost mutation: You are occasionally teleported next to monsters. [potion of cure mutation]
 66000 | Zot:5    | Noticed an orb of fire
 66000 | Zot:5    | Noticed an ancient lich
 66000 | Zot:5    | Noticed an orb of fire
 66000 | Zot:5    | Noticed an orb of fire
 66000 | Zot:5    | Gained mutation: You are clumsy. (Dex -2) [an orb of fire]
 66002 | Zot:5    | Gained mutation: Your body sometimes deteriorates upon taking damage. [an orb of fire]
 66002 | Zot:5    | Gained mutation: You are frail. (-10% HP) [an orb of fire]
 66003 | Zot:5    | Gained mutation: Your magical capacity is low. (-10% MP) [an orb of fire]
 66004 | Zot:5    | Gained mutation: You expend magic power (3 MP) to strengthen your wands. [an orb of fire]
 66014 | Zot:5    | Gained mutation: You occasionally shout uncontrollably at your foes. [an orb of fire]
 66018 | Zot:5    | Killed an orb of fire
 66020 | Zot:5    | Killed an orb of fire
 66020 | Zot:5    | Reached skill level 24 in Shields
 66023 | Zot:5    | Killed an ancient lich
 66025 | Zot:5    | Killed an orb of fire
 66098 | Zot:5    | Got the Orb of Zot
 66124 | Zot:5    | Noticed Neut the pandemonium lord
 66140 | Zot:5    | Killed Neut the pandemonium lord
 66166 | Zot:5    | Noticed Ruthrole the pandemonium lord
 66179 | Zot:5    | Killed Ruthrole the pandemonium lord
 66179 | Zot:5    | Reached skill level 25 in Shields
 66229 | Zot:5    | Noticed an ancient lich
 66240 | Zot:5    | Killed an ancient lich
 66355 | Depths:5 | Noticed Hailakh the pandemonium lord
 66362 | Depths:5 | Killed Hailakh the pandemonium lord
 66391 | Depths:4 | Noticed Zoatoi Hourr the pandemonium lord
 66402 | Depths:4 | Killed Zoatoi Hourr the pandemonium lord
 66951 | D:$      | Escaped with the Orb!

Vault maps used:
D:1:      wheals_arrival_linesprint, minivault_27
D:2:      nicolae_qazlal_eye_of_the_storm, uniq_robin
D:3:      chequers_ecumenical_altar_grove, nicolae_ru_great_annihilating_truth
D:4:      uniq_crazy_yiuf_cottage, uniq_blork_the_orc
D:5:      first_bread, serial_shops, nicolae_shop_crystal,
          trog_three_pillars_becter
D:6:      lemuel_angel_altar
D:7:      grunt_ogre_cave
D:8:      lair_entry_dummy, uniq_psyche, uniq_gastronok
D:9:      david_orc_2, kennysheep_island_fort
D:12:     serial_bayou_pond_d, spider_trap, grunt_ministairs_12,
          bh_circular_ruins, uniq_azrael, uniq_urug, uniq_nergalle, uniq_nessos
D:13:     david_vaults_2, serial_undead, serial_undead_e, serial_undead_d,
          serial_undead_f, serial_undead_d, serial_undead_b, serial_undead_d,
          serial_undead_c, hangedman_tell_no_tales
D:14:     serial_bayou_pond_b, special_room, minmay_misc_feat_four_crosses
D:15:     grunt_enter_depths_magical_seal, enter_trove_2, uniq_josephine
Temple:   compressed_dpeg_circular_temple
Lair:1:   minmay_lair_venomous_thicket, patterned_corridor, grunt_megastairs_3,
          serial_bayou_shore_b
Lair:2:   lab_entry_generic, wad_woods_river_01, lemuel_fruit_tree
Lair:3:   lemuel_oklob_altar
Lair:4:   elwin_shoals_entry_rooms, nicolae_spider_entry_orb_guardian
Lair:6:   evilmike_catoblepas_cave, slime_altar_1, st_stairs_5
Shoals:2: nicolae_shoals_cliffside_cave
Shoals:3: nicolae_shoals_loop_pool
Shoals:4: shoals_end_grunt_ice, shoal_ilsuiw
Spider:1: nicolae_spider_mines_2, spider_trap, zaba_anthell
Spider:2: nicolae_arachne_temple
Spider:3: spider_trap, nicolae_crawler_farm, uniq_kirke
Spider:4: grunt_spider_rune_circles, nicolae_spider_circle_web, spider_trap
Orc:1:    basic_altar, trog_butcher_becter
Orc:2:    st_orc_ogre_mass, basic_altar
Elf:1:    eino_elf_arrival_sip, portal_ice_cave_entry_ugly_swarm,
          hangedman_elf_disciples
Elf:2:    special_room, lemuel_flamethrower_3, basic_stair_grate_trap
Elf:3:    elf_hall, special_room, serial_shops, nicolae_shop_overgrown_old_shop,
          amethyst_killhole
Vaults:1: nicolae_vaults_specimen_jars, st_diamondy, ontoclasm_vaults_spin,
          v_misc_26, v_misc_2, vaults_mumra_minichess, vaults_mumra_hexcomb,
          ontoclasm_vaults_shuriken, hangedman_vaults_capsules,
          nicolae_vaults_ring_of_whatevers, v_misc_15, vaults_room_hallway,
          v_misc_19, serial_ice_g
Vaults:2: minmay_crypt_entry_simple_plaza, hangedman_vaults_trim,
          vaults_room_hallway, hangedman_vaults_stagger, serial_ice_m,
          nicolae_vaults_stairing_the_circle, hangedman_vaults_corner_blocks,
          vaults_dpeg_ring, special_room_vaults,
          nicolae_vaults_little_squares_4, ontoclasm_vaults_chip, serial_shops,
          shop
Vaults:3: v_misc_32, st_smaller_cells, hangedman_vaults_slice,
          hangedman_vaults_locks, vaults_room_grunt_arrival_checkpoint,
          v_misc_24, nicolae_vaults_asterisk, nicolae_vaults_network_square,
          vaults_mumra_lcd, nicolae_vaults_what_the_h, nicolae_vaults_asterisk
Vaults:4: nicolae_vaults_yaktaur_gun_rack, ontoclasm_vaults_bender, v_pattern_5,
          v_misc_22, nicolae_vaults_network_star, vaults_room_fancy_cross,
          v_alt_pattern_6, nicolae_vaults_little_squares_1,
          nicolae_vaults_gold_heap, serial_shops, shop
Crypt:1:  uniq_aizul
Crypt:2:  lemuel_minitomb, minmay_misc_feat_hallway, glass_columns_a,
          corexii_hall_statues_u
Crypt:3:  evilmike_haunted_forest
Depths:1: gold_lair_mu, pf_coc_iceberg, mu_enter_wizlab_2,
          minmay_misc_feat_encased, minmay_misc_feat_tower, grunt_ministairs_2,
          serial_bayou_pond_a, minmay_misc_feat_cross
Depths:2: hangedman_crystal_crosses_colossus, hell_entry, abyss_entry,
          serial_shops
Depths:3: minmay_spriggan_fort, lightli_too_deep, pan_entry
Depths:4: minmay_blocking_statues, enter_ziggurat_e, serial_shops,
          bzr_entry_customers, hell_entry, abyss_entry, rand_demon_pan_entry_8
Depths:5: evilmike_zot_entry_diamond, pf_dread_powers_of_hell,
          hangedman_abyss_or_decor_clamps, hangedman_abyss_or_decor_stagger,
          serial_bayou_shore_b, basic_stair_grate_trap
Zot:1:    hangedman_elemental_corridor
Zot:2:    kennysheep_oblong_rooms, hangedman_feature_mirror
Zot:3:    st_large_dragon_hoard_3
Lab:      nicolae_lab_swirl, nicolae_lab_x, labyrinth_glass_1,
          nicolae_lab_t_cross, nicolae_lab_garden, nicolae_lab_do_over,
          labyrinth_lava_lair, lab_block
Bazaar:   bazaar_kb_twisted_cavern
IceCv:    ice_cave_caverns_02
WizLab:   wizlab_demon

Skill      XL: |  1  2  3  4  5  6  7  8  9 10 11 12 13 14 15 16 17 18 19 20 21 22 23 24 25 26 27 |
---------------+----------------------------------------------------------------------------------+-----
Evocations     | 3 4 5 6 8 10 12 | 12.0
Fighting       | 6 8 11 12 13 15 16 18 19 21 | 21.8
Axes           | 2 3 5 7 9 10 12 13 15 16 18 20 | 20.6
Armour         | 1 4 6 8 9 10 11 12 13 15 16 17 18 19 20 21 | 21.9
Invocations    | 2 4 8 |  8.5
Shields        | 2 6 9 10 12 14 25 | 25.7
Spellcasting   | |  2.0
Necromancy     | |  1.0

Action                   |  1- 3 |  4- 6 |  7- 9 | 10-12 | 13-15 | 16-18 | 19-21 | 22-24 | 25-27 || total
-------------------------+-------+-------+-------+-------+-------+-------+-------+-------+-------++-------
Melee: Spear             |   110 |    79 |       |       |       |       |       |       |       ||   189
       Hand axe          |       |    91 |   361 |       |       |       |       |       |       ||   452
       War axe           |       |       |    55 |   880 |   417 |       |       |       |       ||  1352
       Quarterstaff      |       |       |     3 |       |       |       |       |       |       ||     3
       Whip              |       |       |       |     5 |     8 |       |       |       |       ||    13
       Constrict         |       |       |       |       |   190 |   263 |   196 |   308 |   358 ||  1315
       Broad axe         |       |       |       |       |   503 |  1310 |  1046 |  1689 |  2778 ||  7326
       Scimitar          |       |       |       |       |     6 |    14 |       |       |       ||    20
       Unarmed           |       |       |       |       |       |     4 |       |       |       ||     4
Invok: Lesser Servant of |       |       |       |     3 |     6 |     2 |       |     7 |       ||    18
 Abil: Spit Poison       |     4 |    20 |    18 |     3 |       |       |       |       |       ||    45
       Evoke Berserk Rag |     1 |     3 |    14 |    11 |     2 |     1 |       |       |       ||    32
Evoke: Rod               |       |       |     1 |     5 |    21 |    38 |    11 |       |       ||    76
       Wand              |       |       |       |    19 |    18 |    11 |    30 |     7 |     2 ||    87
  Use: Scroll            |       |     4 |     4 |    14 |    10 |    10 |     8 |    14 |    25 ||    89
       Potion            |       |       |     2 |     2 |       |     2 |     1 |     3 |    14 ||    24
 Stab: Sleeping          |       |     2 |       |       |       |       |       |       |       ||     2
       Paralysed         |       |     1 |       |       |       |       |     7 |       |       ||     8
       Distracted        |       |       |       |     1 |       |       |     1 |     4 |     3 ||     9
       Held in net/web   |       |       |       |       |       |       |       |       |     1 ||     1
  Eat: Chunk             |     3 |    11 |    21 |    37 |    21 |    12 |    17 |    23 |    45 ||   190
       Pizza             |       |       |     1 |     2 |     3 |     1 |       |       |     4 ||    11
       Beef jerky        |       |       |     2 |     6 |       |     2 |     1 |     3 |     1 ||    15
       Royal jelly       |       |       |       |     1 |       |     2 |       |     1 |       ||     4
       Bread ration      |       |       |       |       |     1 |     3 |       |       |     2 ||     6
       Fruit             |       |       |       |       |       |     1 |       |       |       ||     1
Armor: Robe              |    15 |       |       |       |       |       |       |       |       ||    15
       Animal skin       |    12 |    32 |       |       |       |       |       |       |       ||    44
       Ring mail         |       |    23 |    90 |       |       |       |       |       |       ||   113
       Chain mail        |       |       |   117 |   302 |       |       |       |       |       ||   419
       Skin              |       |       |    13 |    10 |       |       |       |       |       ||    23
       Plate armour      |       |       |       |   507 |   506 |   794 |    62 |       |       ||  1869
       Crystal plate arm |       |       |       |       |       |       |   558 |  1044 |   912 ||  2514
Dodge: Dodged            |    66 |    77 |   118 |   123 |    68 |   140 |   101 |   170 |   132 ||   995
Block: Buckler           |       |       |       |    46 |       |       |   258 |   143 |       ||   447
       Shield            |       |       |       |   117 |   376 |   588 |    28 |   610 |   222 ||  1941
       Large shield      |       |       |       |       |       |       |       |       |  1751 ||  1751
       Rpst.: Scimitar   |       |       |       |       |     1 |     2 |       |       |       ||     3
